[Event "*** SCC Grand Prix: Titled Tuesday Blitz"]
[Site "Chess.com"]
[Date "2020.07.21"]
[Round "1"]
[White "MVM2008"]
[Black "Isajevsky_Anton"]
[Result "0-1"]
[WhiteElo "2157"]
[BlackElo "2555"]
[TimeControl "180+1"]
[EndTime "10:07:55 PDT"]
[Termination "Isajevsky_Anton won by checkmate"]

1. e4 c5 2. Nf3 d6 3. d4 cxd4 4. Nxd4 Nf6 5. Nc3 a6 6. Bg5 Nbd7 7. Qd2 b5 8. O-O-O Bb7 9. f3 e6 10. g4 Be7 11. h4 Qc7 12. Be3 Nc5 13. g5 Nfd7 14. h5 b4 15. Nce2 Ne5 16. Nf4 Bxg5 17. Rg1 Bf6 18. Qxb4 h6 19. Bb5+ Ke7 20. Nf5+ exf5 21.
Rxd6 Rhc8 22. Rgd1 axb5 23. c3 Rxa2 24. Qxb5 Ra1+ 25.
Kc2 Rxd1 26. Rxd1 fxe4 27. b4 Ncd3 28. Bd4 Nxf4 29. Kb2 Ne6 30. f4 Nxd4 31. cxd4 Qc2+ 32. Ka3 Ra8+ 33. Qa5 Rxa5+ 34. bxa5 Nc4+ 35. Kb4 Qxd1 36. Kxc4 Qxd4+ 37. Kb3 Qd5+ 38. Kc2 Qc4+ 39. Kd2 Bc3+ 40. Ke3 Qd3+ 41. Kf2 Bd4+ 42. Kg2 e3+ 43. Kh3 e2+ 44.
Kg4 e1=Q 45. f5 Qeg3# 0-1

[Event "*** SCC Grand Prix: Titled Tuesday Blitz"]
[Site "Chess.com"]
[Date "2020.07.21"]
[Round "1"]
[White "GigaQuparadze"]
[Black "dcremisi"]
[Result "1/2-1/2"]
[WhiteElo "2864"]
[BlackElo "2442"]
[TimeControl "180+1"]
[EndTime "10:07:56 PDT"]
[Termination "Game drawn by repetition"]

1. e4 e6 2. d4 d5 3. Nd2 dxe4 4.
Nxe4 Bd7 5. Nf3 Bc6 6. Bd3 Nd7 7. Qe2 Ngf6 8. Ng3 Bxf3 9. Qxf3 c6 10. O-O Be7 11.
c3 O-O 12. Re1 Re8 13. Ne4 Nxe4 14. Bxe4 Nf6 15. Bc2 Qc7 16. Bf4 Bd6 17. Bg5 Be7 18. h4 Nd5 19. Qe4 g6 20. Bb3 Bxg5 21. hxg5 Rad8 22.
g3 b5 23. a4 a6 24. axb5 axb5 25. Kg2 Ra8 26. Rxa8 Rxa8 27. Rh1 Qe7 28. Qh4 h5 29.
gxh6 Qxh4 30. gxh4 Kh7 31. Kf3 Kxh6 32. Ke4 f6 33.
Kd3 Kg7 34. Ke4 Rh8 35. Kf3 Ra8 36. Rg1 Kf7 37. Bc2 f5 38. Bb3 Rh8 39. Kg3 Ra8 40. Rh1 Kf6 41. Kf3 Ra7 42. Kg3 Ra8 43. Re1 Ra7 44. f4 Ra8 45. Rh1 Ra7 46. h5 Rh7 47.
Bd1 Ne3 48. Bf3 Nd5 49. Rh2 gxh5 50. Bxh5 Ne3 51. Rh1 Nc4 52. Bf3 Rxh1 53. Bxh1 Nxb2 54. Bxc6 Nd1 55. Bxb5 Nxc3 56. Bd3 Nd5 57. Bc4 Ne3 58.
Bb3 Ke7 59. Kf3 Ng4 60. Ke2 Kd6 61. Kd3 Nf6 62. Ke3 Nd5+ 63. Kf3 Kc6 64. Ba4+ Kb6 65. Bd7 Nc7 66. Ke3 Ka5 67. Kd3 Kb4 68. Ke3 Kc4 69.
Bc8 Nd5+ 70. Kf3 Nc7 71. Ke3 Kc3 72. Bd7 Kc4 73. Bc8 1/2-1/2

[Event "*** SCC Grand Prix: Titled Tuesday Blitz"]
[Site "Chess.com"]
[Date "2020.07.21"]
[Round "1"]
[White "albano87"]
[Black "Antipov_Mikhail_Al"]
[Result "0-1"]
[WhiteElo "2418"]
[BlackElo "2841"]
[TimeControl "180+1"]
[EndTime "10:07:56 PDT"]
[Termination "Antipov_Mikhail_Al won on time"]

1. e4 e5 2. Nf3 Nc6 3. Nc3 Nf6 4. Bb5 Nd4 5. Nxd4 exd4 6. e5 dxc3 7. exf6 Qxf6 8. dxc3 Bc5 9. Qe2+ Qe6 10. Bc4 Qxe2+ 11.
Bxe2 d6 12. O-O a5 13. Bf3 c6 14. Bg5 f6 15. Rfe1+ Kf7 16. Bf4 d5 17. Rad1 Bf5 18. Re2 a4 19. g4 Bg6 20. b3 Rhe8 21. Rde1 Bxc2 22. Rxe8 Rxe8 23. Rxe8 Kxe8 24. b4 Be7 25. Be3 a3 26. Bc1 Bb1 27. Bxa3 Bxa2 28. Kf1 g5 29. Ke1 Bd6 30. h3 Bb1 31. Bc1 Kd7 32. Be3 Be5 33.
Kd2 h6 34. Be2 Bg6 35. f3 Ke6 36. c4 f5 37. Bc5 f4 38. Bb6 Bf6 39. Bc5 h5 40.
Bf8 h4 41. b5 Be8 0-1

[Event "*** SCC Grand Prix: Titled Tuesday Blitz"]
[Site "Chess.com"]
[Date "2020.07.21"]
[Round "1"]
[White "BogdanDeac"]
[Black "doctorcristian"]
[Result "1-0"]
[WhiteElo "2799"]
[BlackElo "2401"]
[TimeControl "180+1"]
[EndTime "10:07:57 PDT"]
[Termination "BogdanDeac won by resignation"]

1. Nf3 Nf6 2. c4 b6 3. d4 Bb7 4. g3 g6 5. Bg2 Bg7 6. Qc2 O-O 7. Nc3 d5 8. Ne5 e6 9. Bg5 Nbd7 10. cxd5 h6 11. Nxd7 hxg5 12. Nxf8 Bxf8 13. O-O exd5 14. Qd2 g4 15. Qg5 Be7 16. Nd1 Qd7 17. Ne3 Kg7 18.
Rac1 c6 19. Nc2 Rh8 20. Ne1 Rh5 21. Qe3 Ne8 22. Nd3 Bg5 23. Nf4 Rh8 24. Ne6+ Qxe6 25.
Qxg5 Nf6 26. Rfe1 Qf5 27. Qxf5 gxf5 28. Rc2 Re8 29. Rec1 Re6 30. h3 Kg6 31. h4 Ng8 32.
b4 Ne7 33. e3 Ba6 34. Bf1 Bxf1 35. Kxf1 Kh5 36. a4 a6 37. b5 cxb5 38. axb5 axb5 39. Rc7 Kg6 40. Rb1 f4 41. gxf4 Nf5 42. Rxb5 g3 43.
Rxd5 gxf2 44. h5+ Kf6 45. Rxf7+ Kxf7 46. Rxf5+ Kg7 47. Kxf2 Kh6 48. Rb5 Rc6 49. Kf3 Kh7 50.
d5 Rh6 51. e4 Rxh5 52. Rxb6 Rh1 53. Kg4 Kg7 54. Kf5 Kf7 55. Rb7+ Ke8 56. e5 Rh5+ 57.
Ke4 Rh1 58. d6 Re1+ 59. Kd5 Rb1 60. Rxb1 1-0

[Event "*** SCC Grand Prix: Titled Tuesday Blitz"]
[Site "Chess.com"]
[Date "2020.07.21"]
[Round "1"]
[White "Supernotar"]
[Black "bsnsun"]
[Result "1-0"]
[WhiteElo "2753"]
[BlackElo "2382"]
[TimeControl "180+1"]
[EndTime "10:07:57 PDT"]
[Termination "Supernotar won by resignation"]

1. d4 Nf6 2. c4 e6 3. Nf3 d5 4. e3 c5 5. dxc5 Bxc5 6. a3 a5 7. Nc3 Nc6 8. cxd5 exd5 9. Nb5 O-O 10. Be2 Bg4 11. O-O Ne4 12. Nfd4 Bxe2 13. Nxe2 Qb6 14. a4 Rfe8 15. b3 Rad8 16. Bb2 Nxf2 17. Rxf2 Bxe3 18. Ned4 Ne5 19. Qe2 Bxf2+ 20. Qxf2 Nd3 21. Qd2 Nxb2 22. Qxb2 Re4 23. Qf2 Rde8 24. Rf1 f6 25. h3 h5 26. Kh1 h4 27. Qd2 Qc5 28. Nf3 Qb4 29. Qd1 d4 30. Qd3 Qe7 31.
Nbxd4 Re3 32. Qc4+ Qf7 33. Qc5 R3e4 34. Qf5 g6 35. Qxa5 Qd7 36. Qb4 Kg7 37. Qc4 Rd8 38. Rd1 Qe7 39. a5 Rd7 40. Qc3 Rd8 41. b4 Rd7 42. b5 Rd8 43. a6 bxa6 44. bxa6 Rd7 45.
Qd3 Re3 46. Nf5+ gxf5 47. Qxd7 Qxd7 48. Rxd7+ Kg6 49. Nxh4+ Kg5 50. Nf3+ Kf4 51. Kh2 Ra3 52. Rd4+ Ke3 53. Rd6 Ra2 54. Rxf6 f4 55. Rg6 Kf2 56.
h4 Ke3 57. h5 Ra5 58. h6 Kf2 59. Kh3 Rh5+ 60. Kg4 Ra5 61. h7 1-0

[Event "*** SCC Grand Prix: Titled Tuesday Blitz"]
[Site "Chess.com"]
[Date "2020.07.21"]
[Round "1"]
[White "poppy73"]
[Black "sofaceindisguise"]
[Result "1/2-1/2"]
[WhiteElo "2256"]
[BlackElo "2588"]
[TimeControl "180+1"]
[EndTime "10:07:57 PDT"]
[Termination "Game drawn by repetition"]

1. e4 c5 2. Nf3 d6 3. d4 cxd4 4.
Nxd4 Nf6 5. Nc3 a6 6. Be2 g6 7.
Be3 Bg7 8. O-O O-O 9. f4 Nfd7 10. a4 Nc6 11. Nxc6 bxc6 12. Bd4 Rb8 13. Bxg7 Kxg7 14.
b3 Qb6+ 15. Kh1 a5 16. f5 Ne5 17. Qd2 f6 18. Rad1 Qc5 19. Na2 Bd7 20. Nc1 Rb4 21. Nd3 Nxd3 22. Bxd3 Qe5 23. Rde1 g5 24. Bc4 h5 25. c3 Rb6 26. b4 axb4 27. cxb4 Rfb8 28. Rb1 h4 29. h3 d5 30. exd5 cxd5 31. Rfe1 Qd6 32. Qxd5 Qxd5 33. Bxd5 Bxf5 34. Rxe7+ Kg6 35. Rf1 Bd3 36. Rf3 Bc2 37. Rf2 Bd3 38. b5 Rd8 39. Bf7+ Kh6 40. a5 Rxb5 41. Rxf6+ Kg7 42. Rf2 Rxa5 43.
Bc4+ Kg6 44. Bf7+ Kh6 45. Kh2 Rd6 46. Re6+ Rxe6 47. Bxe6 Kg6 48. Bf7+ Kg7 49. Be6 Re5 50. Bg4 Re3 51. Bf3 Bf5 52. Re2 Rc3 53. Rd2 Kf6 54.
Kg1 Ke5 55. Kf2 Be6 56. Re2+ Kf6 57. Be4 Bc4 58. Rd2 Rc1 59. Bf3 Ke5 60. Ke3 Re1+ 61. Kf2 Rc1 62. Ke3 Kf5 63. Bg4+ Ke5 64. Bf3 1/2-1/2

[Event "*** SCC Grand Prix: Titled Tuesday Blitz"]
[Site "Chess.com"]
[Date "2020.07.21"]
[Round "1"]
[White "Schack-Hugo"]
[Black "djogrodek1"]
[Result "1/2-1/2"]
[WhiteElo "2163"]
[BlackElo "2541"]
[TimeControl "180+1"]
[EndTime "10:07:57 PDT"]
[Termination "Game drawn - insufficient material"]

1. c3 d5 2. d4 Nf6 3. Nf3 Bf5 4.
g3 e6 5. Bg2 Be7 6. O-O Nbd7 7.
Bg5 c6 8. Nbd2 h6 9. Bxf6 Nxf6 10. Ne5 O-O 11. f4 c5 12. e3 Qb6 13. Qb3 Rac8 14. Qxb6 axb6 15. g4 Bh7 16. g5 hxg5 17. fxg5 Nh5 18. Bf3 Bxg5 19. Bxh5 Bxe3+ 20. Kg2 Bxd2 21. Bxf7+ Kh8 22. Bxe6 Be4+ 23. Kg3 Rce8 24. Bf7 Rc8 25. Bg6 Rf6 26. Nf7+ Kg8 27. Bxe4 dxe4 28. Rxf6 gxf6 29. Nd6 Rc6 30. Nxe4 Bh6 31. d5 Rc8 32.
Nxf6+ Kf7 33. Ng4 Bg7 34. Rf1+ Ke7 35. d6+ Kxd6 36. h4 b5 37. Rd1+ Ke6 38. h5 b4 39.
h6 Bh8 40. Rc1 Ra8 41. Re1+ Kf7 42. cxb4 cxb4 43. a3 bxa3 44. bxa3 Rxa3+ 45. Re3 Ra4 46. Rf3+ Kg6 47. Rb3 Ra7 48. Rb6+ Kf5 49. Rb5+ Kg6 50. Rb6+ Kg5 51. Rb5+ Kg6 52. Kh4 Bf6+ 53. Nxf6 Kxf6 54. Rb6+ Kf7 55. h7 Kg7 56. Kg5 Kxh7 57. Kf6 Kh6 58.
Ke7+ Kg5 59. Kd7 Kf5 60. Kc7 Ke5 61. Kb8 Ra6 62. Kxb7 Rxb6+ 63. Kxb6 1/2-1/2

[Event "*** SCC Grand Prix: Titled Tuesday Blitz"]
[Site "Chess.com"]
[Date "2020.07.21"]
[Round "1"]
[White "sewin16"]
[Black "praveenb2002"]
[Result "0-1"]
[WhiteElo "2385"]
[BlackElo "2757"]
[TimeControl "180+1"]
[EndTime "10:08:00 PDT"]
[Termination "praveenb2002 won by checkmate"]

1. e4 c5 2. Nf3 Nc6 3. Bb5 g6 4.
O-O Bg7 5. Bxc6 dxc6 6. h3 Nf6 7. d3 O-O 8. Qe2 Ne8 9. a3 Nc7 10. Nbd2 Ne6 11. Nc4 b5 12. Ncd2 a5 13. a4 Ba6 14. Rd1 c4 15. dxc4 bxc4 16. c3 Nf4 17. Qf1 Nd3 18. Ne1 Nc5 19. Qe2 Qb6 20. Nc2 Nd3 21.
Ne3 Qc5 22. Nf3 Rfd8 23. Ng4 h5 24. Be3 Qd6 25. Ngh2 Qe6 26. Bd4 f6 27. Nf1 c5 28.
Be3 Qxe4 29. Ng3 Qb7 30. Nh4 Kf7 31. Nxg6 Qd5 32. Nf4 Qe5 33. Nfxh5 Rg8 34. Qg4 Bh6 35. Qf5 Bxe3 36. Qh7+ Ke6 37. fxe3 Rh8 38. Qg6 Rag8 39. Ng7+ Kd7 40. N3f5 Bb7 41. Qf7 Qe4 42. Rd2 Rh7 43. Rf1 Rhxg7 44. Nxg7 Qxe3+ 45. Rdf2 Rh8 46. Nf5 Qe5 47.
Ng7 Rh7 48. Rxf6 Qe3+ 49. Kh1 Rxh3# 0-1

[Event "*** SCC Grand Prix: Titled Tuesday Blitz"]
[Site "Chess.com"]
[Date "2020.07.21"]
[Round "1"]
[White "PowerThinking2650"]
[Black "krzyzan94"]
[Result "1-0"]
[WhiteElo "2341"]
[BlackElo "2647"]
[TimeControl "180+1"]
[EndTime "10:08:00 PDT"]
[Termination "PowerThinking2650 won on time"]

1. e4 c5 2. Nf3 d6 3. d4 cxd4 4. Nxd4 Nf6 5. Nc3 a6 6. Be3 e5 7. Nb3 Be7 8. f3 O-O 9. Qd2 Be6 10. O-O-O a5 11. Bb5 Na6 12. a4 Nb4 13. Kb1 d5 14. exd5 Nfxd5 15. Nxd5 Nxd5 16. Qe2 Qc7 17. Bc1 Rac8 18. Rhe1 Rfd8 19. Na1 Bb4 20. Bd2 Bf5 21. Rc1 Bxd2 22. Qxd2 Nb4 23. Qe2 Rd5 24. g4 Bg6 25. f4 f6 26. f5 Bf7 27. b3 Rc5 28.
c4 Nc6 29. Nc2 Rd8 30. Rcd1 Nd4 31. Nxd4 exd4 32. Rd3 Re5 33. Qd2 Rxe1+ 34. Qxe1 Qe5 35. Qd2 h5 36. h3 hxg4 37. hxg4 g6 38. Kb2 gxf5 39.
gxf5 Qxf5 40. Rxd4 Qe5 41. Kc3 Rxd4 42. Qxd4 Kg7 43. Qxe5 fxe5 44. c5 Kf6 45. c6 bxc6 46.
Bxc6 Kf5 47. b4 axb4+ 48. Kxb4 e4 49. a5 e3 50. Kc3 Kf4 51. a6 e2 52. Kd2 Kg3 53. Ke1 1-0

[Event "*** SCC Grand Prix: Titled Tuesday Blitz"]
[Site "Chess.com"]
[Date "2020.07.21"]
[Round "1"]
[White "Fighter008"]
[Black "ExcitingTrap"]
[Result "1-0"]
[WhiteElo "2577"]
[BlackElo "2224"]
[TimeControl "180+1"]
[EndTime "10:08:00 PDT"]
[Termination "Fighter008 won by resignation"]

1. Nf3 Nf6 2. g3 g6 3. Bg2 Bg7 4. O-O O-O 5. d4 d6 6. Re1 c5 7. d5 Bf5 8. Nh4 Be4 9. Nc3 Bxg2 10. Kxg2 e5 11. e4 Nbd7 12. a4 b6 13. Nf3 a6 14.
Nd2 Qc7 15. Nc4 Rfb8 16. Bd2 Nf8 17. f4 N6d7 18. Qf3 Re8 19. Rf1 exf4 20. gxf4 Rab8 21. Na3 Nf6 22. Rae1 N8d7 23. Qd3 Ra8 24. Nc4 Rab8 25.
Ne3 b5 26. axb5 axb5 27. Nxb5 Qb6 28. Nc3 Qxb2 29. Nc4 Qb4 30. Nxd6 Re7 31. e5 Nh5 32. Nc4 Nb6 33. Nxb6 Qxb6 34. d6 Ree8 35. Nd5 Qc6 36. c4 Rb2 37. Re2 Kh8 38. Bc3 Rxe2+ 39. Qxe2 Bh6 40.
e6+ Kg8 41. d7 Ra8 42. Qe4 Ra2+ 43. Rf2 Rxf2+ 44. Kxf2 Bf8 45. d8=Q fxe6 46. Ne7+ 1-0

[Event "*** SCC Grand Prix: Titled Tuesday Blitz"]
[Site "Chess.com"]
[Date "2020.07.21"]
[Round "1"]
[White "JoliyRoger"]
[Black "Lagmantr"]
[Result "0-1"]
[WhiteElo "2297"]
[BlackElo "2636"]
[TimeControl "180+1"]
[EndTime "10:08:01 PDT"]
[Termination "Lagmantr won on time"]

1. Nf3 d5 2. c4 d4 3. d3 f6 4. e3 c5 5. exd4 cxd4 6. g3 e5 7. Bg2 Nc6 8. O-O Bd6 9. Nbd2 Nge7 10. Ne4 Bc7 11. a3 O-O 12. b4 f5 13. Ned2 Ng6 14.
Re1 Bd7 15. h4 Re8 16. h5 Nf8 17. Nh4 e4 18. dxe4 f4 19. Nf1 fxg3 20. fxg3 Qf6 21.
Bb2 Rad8 22. Qf3 Qg5 23. Bc1 Qe7 24. Bf4 Ne5 25. Bxe5 Bxe5 26. Rad1 Ne6 27. Nf5 Qf6 28. c5 Ng5 29. Qb3+ Be6 30. Qc2 Bf7 31. g4 Ne6 32.
Qf2 d3 33. N1e3 Nf4 34. Qf3 Ne2+ 35. Kh1 Bb3 36. Rxd3 Rxd3 37. Qxe2 Red8 38. Qf3 Rd2 39. Qh3 Be6 40. Rg1 Qg5 41. Rf1 R2d3 42. Qf3 Bxf5 43. Qxf5 Qxf5 44. Nxf5 g6 45. Ne7+ Kg7 46. Nd5 Bd4 47. hxg6 hxg6 48. g5 Rh8+ 0-1

[Event "*** SCC Grand Prix: Titled Tuesday Blitz"]
[Site "Chess.com"]
[Date "2020.07.21"]
[Round "1"]
[White "GelmanAlexander"]
[Black "mfwagnerpeixoto"]
[Result "0-1"]
[WhiteElo "2591"]
[BlackElo "2276"]
[TimeControl "180+1"]
[EndTime "10:08:02 PDT"]
[Termination "mfwagnerpeixoto won by resignation"]

1. c4 c5 2. Nf3 g6 3. e3 Bg7 4.
Be2 Nc6 5. O-O Nh6 6. d3 O-O 7. a3 d6 8. Nc3 a6 9. Rb1 Rb8 10. Bd2 e5 11. b4 Bd7 12. Qc2 cxb4 13.
axb4 b5 14. Nd5 Nf5 15. Rfc1 Rc8 16. Qa2 Ra8 17. h3 Re8 18. Bc3 bxc4 19. dxc4 e4 20. Nd2 Qg5 21. Bxg7 Kxg7 22. Qb2+ Kh6 23. Nf6 Nh4 24. g3 Bxh3 25. Ndxe4 Qf5 26. gxh4 Rxe4 27.
Nxe4 Qxe4 28. f3 Qxe3+ 29. Kh2 Be6 30. Rg1 Qf4+ 31. Rg3 Nd4 32. Bd1 Nf5 33. Qg2 Rc8 34.
c5 dxc5 35. bxc5 Rxc5 36. Rb2 Rc3 37. Qd2 Qxd2+ 38. Rxd2 Nxg3 39. Kxg3 a5 40. Rd4 Rc5 41. Ba4 Kg7 42. Kf4 h5 43. Ke3 Kf6 44. Kf4 Rc4 45.
Rxc4 Bxc4 46. Bc2 Bd5 47. Ke3 Bc6 48. f4 Ke6 49. Kd4 Kd6 50. Bb3 Be8 51. Ke4 a4 52. Ba2 f6 53. Kd4 Bd7 54. Bf7 Bf5 55. Kc4 Be6+ 56.
Bxe6 Kxe6 0-1

[Event "*** SCC Grand Prix: Titled Tuesday Blitz"]
[Site "Chess.com"]
[Date "2020.07.21"]
[Round "1"]
[White "ajian"]
[Black "fighter2jz"]
[Result "1-0"]
[WhiteElo "2425"]
[BlackElo "2804"]
[TimeControl "180+1"]
[EndTime "10:08:04 PDT"]
[Termination "ajian won on time"]

1. Nf3 Nf6 2. b3 g6 3. Bb2 Bg7 4. e3 b6 5. Be2 Bb7 6. O-O O-O 7. c4 d6 8. d4 Nbd7 9. Nbd2 Re8 10. Qc2 e5 11. dxe5 dxe5 12. Rad1 Qe7 13. a3 a5 14. Rfe1 e4 15. Nd4 Ne5 16. Nb1 h5 17. h3 Rad8 18. Nc3 Rd7 19. Rd2 Red8 20. Red1 Nd3 21. Bxd3 exd3 22. Rxd3 Ne4 23. Nde2 Nxc3 24. Nxc3 Qg5 25. Nd5 c6 26. Nf6+ Bxf6 27. Rxd7 c5 28. Rxb7 Rxd1+ 29. Qxd1 Bxb2 30. Rxb6 Qf5 31. Rb8+ Kh7 32.
Qe2 Bg7 33. Rb7 Qe6 34. g3 Qf5 35. Kg2 h4 36. g4 Qe6 37. Qf3 f6 38. Rc7 Kh6 39.
Rc6 Qe7 40. Qf4+ Kh7 41. Qd6 Qe4+ 42. Kh2 Qf3 43. Kg1 Qxh3 44. Rc7 Qxg4+ 45. Kf1 Qh5 46. Qd7 Qh6 47. Kg2 h3+ 48. Kh2 f5 49. Qf7 Kh8 50.
Rc8+ 1-0

[Event "*** SCC Grand Prix: Titled Tuesday Blitz"]
[Site "Chess.com"]
[Date "2020.07.21"]
[Round "1"]
[White "Joseacorrea"]
[Black "LisikValera"]
[Result "0-1"]
[WhiteElo "1965"]
[BlackElo "2483"]
[TimeControl "180+1"]
[EndTime "10:08:04 PDT"]
[Termination "LisikValera won on time"]

1. c4 c6 2. Nc3 d5 3. cxd5 cxd5 4. d4 Nf6 5. Nf3 Nc6 6. Bf4 e6 7. e3 Be7 8. Bd3 O-O 9. Rc1 Bd7 10. O-O Nh5 11.
Bg3 Nxg3 12. hxg3 Rc8 13. Bb1 a6 14. Qd3 g6 15. Rfd1 b5 16. a3 Na5 17. Ne5 Nc4 18.
Nxc4 bxc4 19. Qc2 f5 20. Kf1 Rb8 21. Ke2 Qb6 22. Rd2 Rb7 23. Rh1 Rfb8 24. Qc1 Bf6 25. Qg1 Qd8 26. Qh2 Qe7 27. f3 Rxb2 28. g4 Rxd2+ 29.
Kxd2 Rb3 30. Bc2 Rxc3 31. Kxc3 Qxa3+ 32. Kd2 Qb4+ 33. Kd1 h5 34. gxh5 g5 35. h6 Ba4 36. h7+ Kh8 37. Bxa4 Qxa4+ 38. Ke1 Qb4+ 39. Kf2 Qb2+ 40. Kg3 Qb8+ 41. Kh3 Qxh2+ 42. Kxh2 f4 43.
exf4 gxf4 44. Rd1 Kxh7 45. Kh3 Kg6 46. Kg4 Bg5 47. Ra1 Bf6 48. Rxa6 Kf7 49. Kxf4 Bxd4 50. g4 Bg7 51. Ke3 Kf6 52. Ra7 Bf8 53. Ra6 Bc5+ 0-1

[Event "*** SCC Grand Prix: Titled Tuesday Blitz"]
[Site "Chess.com"]
[Date "2020.07.21"]
[Round "1"]
[White "talman67"]
[Black "mikheeva86"]
[Result "1-0"]
[WhiteElo "2478"]
[BlackElo "1909"]
[TimeControl "180+1"]
[EndTime "10:08:04 PDT"]
[Termination "talman67 won on time"]

1. e4 e5 2. Nf3 Nc6 3. Bb5 Nd4 4.
Nxd4 exd4 5. O-O Bc5 6. c3 c6 7.
Bc4 d6 8. b4 Bb6 9. Bb2 Qf6 10.
Na3 Ne7 11. Nc2 dxc3 12. Bxc3 Qg6 13. Qf3 O-O 14. Ne3 Bxe3 15. fxe3 Bg4 16. Qg3 h5 17.
h3 Be6 18. Qxg6 Nxg6 19. Be2 h4 20. d4 f5 21. exf5 Bxf5 22. b5 Rae8 23. Bd2 Be4 24. bxc6 bxc6 25. Rxf8+ Kxf8 26. Bb4 Ke7 27. Bc4 Rb8 28.
Ba3 Kd7 29. Rf1 Rf8 30. Rxf8 Nxf8 31. Bb4 Ne6 32. Be2 Nc7 33. Bg4+ Ke7 34. Bf3 Bd5 35. e4 Bxa2 36. e5 c5 37. exd6+ Kxd6 38. Bxc5+ Ke6 39.
Bxa7 Nb5 40. Bc5 Bd5 41. Bg4+ Kf6 42. Kf2 g6 43. Bf3 Be6 44. d5 Bd7 45. Bb6 Ke5 46. Bd8 Kd4 47. Bxh4 Ke5 48. Bg3+ Kf6 49. Bb8 1-0

[Event "*** SCC Grand Prix: Titled Tuesday Blitz"]
[Site "Chess.com"]
[Date "2020.07.21"]
[Round "1"]
[White "Maksat-94"]
[Black "Sanan_Sjugirov"]
[Result "0-1"]
[WhiteElo "2453"]
[BlackElo "2991"]
[TimeControl "180+1"]
[EndTime "10:08:05 PDT"]
[Termination "Sanan_Sjugirov won on time"]

1. e4 c5 2. Nf3 Nc6 3. Bc4 e6 4. O-O a6 5. c3 d5 6. exd5 exd5 7. Re1+ Be7 8. Bf1 Nf6 9. d4 O-O 10. Bg5 Bg4 11. dxc5 Bxc5 12. Nbd2 Qb6 13. Re2 Ne4 14. Nxe4 dxe4 15. Rxe4 Bxf2+ 16. Kh1 Bh5 17. Qb3 Qc7 18. Bf4 Qc8 19. Ne5 Qf5 20. Bd3 Nxe5 21. Rxe5 Qxd3 22. Rxh5 Rad8 23. Rh3 Qe2 24. Rf3 Rfe8 25. h3 Rd7 26. Kh2 h6 27. Bg3 Bxg3+ 28. Rxg3 Qe5 29. Rf1 Re6 30. Qc4 Rg6 31. Qf4 Qxf4 32. Rxf4 Rb6 33. Rb4 Rxb4 34. cxb4 Rd2 35. Rb3 b5 36. a3 f5 37. Rc3 Rxb2 38. Rc6 f4 39. Kg1 Rb1+ 40. Kf2 Rb2+ 41. Kf3 Rb3+ 42. Kxf4 Rxa3 43. g4 Ra4 44. Kf5 Kh7 0-1

[Event "*** SCC Grand Prix: Titled Tuesday Blitz"]
[Site "Chess.com"]
[Date "2020.07.21"]
[Round "1"]
[White "krasavetc"]
[Black "Gusarov91"]
[Result "0-1"]
[WhiteElo "2289"]
[BlackElo "2628"]
[TimeControl "180+1"]
[EndTime "10:08:05 PDT"]
[Termination "Gusarov91 won by resignation"]

1. e4 c6 2. d4 Na6 3. Nc3 Nc7 4.
Nf3 d5 5. e5 Bg4 6. h3 Bh5 7.
Be2 e6 8. O-O Ne7 9. a4 a5 10.
Nb1 Bxf3 11. Bxf3 c5 12. c3 Nc6 13. Be3 Be7 14. Na3 O-O 15. Be2 cxd4 16. cxd4 f5 17. exf6 Bxf6 18. Nb5 Nxb5 19. Bxb5 Nb4 20. Rc1 Rc8 21. Qg4 Qd6 22. Bf4 Qe7 23. Rce1 Bxd4 24. Rxe6 Qf7 25. Bg3 h5 26. Qg6 Qxg6 27. Rxg6 Bxb2 28.
Rb6 Rf7 29. Re6 Bf6 30. Rd1 d4 31. f3 Rd8 32. Bf2 Re7 33. Rxe7 Bxe7 34. Rxd4 Rxd4 35. Bxd4 Nc6 36. Bc3 Bb4 37. Bb2 Kf7 38. Kf1 g5 39.
Ke2 Kg6 40. Kd3 Ne7 41. Ke4 Kf7 42. g4 hxg4 43. hxg4 b6 44. Bc1 Kf6 45. Bb2+ Kf7 46. Ke5 Ng6+ 47. Kf5 Nh4+ 48. Ke4 Ng6 49. Bc1 Kf6 50.
Be3 Bc5 51. Bd2 Nh4 52. Bc3+ Kf7 53. Bc4+ Ke7 54. Bd2 Kf6 55. Bc3+ Ke7 56. Bb5 Bg1 57. Be2 Ke6 58. Bc4+ Ke7 59. Bd5 Bc5 60. Be5 Ng6 61. Bg3 Bd6 62. Bf2 Bc5 63. Bxc5+ bxc5 64. Kf5 Kd6 65. Bc4 Ne5 66. Be2 c4 67. f4 gxf4 68. Kxf4 c3 69. Ke3 Kc5 70. g5 Kb4 71. Ke4 c2 72. Kxe5 c1=Q 73. Bg4 Qxg5+ 74. Bf5 Kxa4 0-1

[Event "*** SCC Grand Prix: Titled Tuesday Blitz"]
[Site "Chess.com"]
[Date "2020.07.21"]
[Round "1"]
[White "m_ezat"]
[Black "AGW2016"]
[Result "0-1"]
[WhiteElo "2566"]
[BlackElo "2246"]
[TimeControl "180+1"]
[EndTime "10:08:05 PDT"]
[Termination "AGW2016 won by checkmate"]

1. d4 Nf6 2. c4 g6 3. Nc3 Bg7 4. e4 d6 5. Be2 O-O 6. Bg5 c5 7. d5 h6 8. Bf4 e6 9. Qd2 Kh7 10. Nf3 exd5 11. exd5 Bf5 12. O-O Ne4 13. Nxe4 Bxe4 14. Rae1 g5 15. Bd3 f5 16. Bxg5 hxg5 17.
Nxg5+ Kg8 18. Ne6 Qf6 19. Nxf8 Qxf8 20. Bxe4 fxe4 21. Rxe4 Nd7 22. Re6 Re8 23. Qe2 Nf6 24. f4 b5 25. b3 bxc4 26. bxc4 Rb8 27. f5 a5 28. h3 a4 29. g4 Nd7 30. f6 Bxf6 31.
Rexf6 Nxf6 32. g5 Qe8 33. Qf3 Nd7 34. h4 Ne5 35. Qf5 Qf7 36. Qh3 Qd7 37. Qg3 Qg4 38.
Qxg4 Nxg4 39. Rf4 Ne5 40. Rf6 Nxc4 41. Kg2 Rb2+ 42. Kg3 Rxa2 43. h5 Ra1 44. h6 Rg1+ 45. Kh4 a3 46. Rf2 Rh1+ 47. Kg4 Nb2 48. Re2 a2 49. Kf5 a1=Q 50. Ke6 Qa7 51. Rf2 Re1+ 52. Kxd6 Qe7+ 53. Kc6 Nc4 54. Rf6 Ne5+ 55. Kb5 Rb1+ 56. Ka6 Qb7+ 57. Ka5 Qb5# 0-1

[Event "*** SCC Grand Prix: Titled Tuesday Blitz"]
[Site "Chess.com"]
[Date "2020.07.21"]
[Round "1"]
[White "Ashedu66"]
[Black "AleksanderHnydiuk"]
[Result "0-1"]
[WhiteElo "2217"]
[BlackElo "2574"]
[TimeControl "180+1"]
[EndTime "10:08:05 PDT"]
[Termination "AleksanderHnydiuk won on time"]

1. d4 d5 2. c4 c6 3. Nf3 Nf6 4.
e3 a6 5. Qc2 g6 6. Bd3 Bg7 7.
O-O Bg4 8. Ne5 Be6 9. b3 Nfd7 10. Nf3 Bg4 11. Nbd2 dxc4 12. bxc4 c5 13. Bb2 Nc6 14.
a3 O-O 15. d5 Bxf3 16. Nxf3 Nce5 17. Nxe5 Nxe5 18. Be2 Qd6 19. Rad1 Rab8 20. a4 Nd7 21. e4 Bxb2 22. Qxb2 Qf6 23. Qxf6 Nxf6 24. Bd3 Ng4 25. Rb1 Ne5 26. Be2 g5 27. a5 e6 28. Rb3 exd5 29.
exd5 Rfe8 30. Rfb1 Re7 31. Bf1 f5 32. Rb6 Kf7 33.
Rxa6 bxa6 34. Rxb8 Ng4 35. h3 Nf6 36. Rb6 Re1 37.
g3 Ne4 38. Kg2 Nd2 39. Bd3 g4 40. hxg4 fxg4 41. Bf5 h5 42. Bg6+ Kg7 43. Bxh5 Nxc4 44. Rb7+ Kf6 45. Bxg4 Nxa5 46. Rb6+ Kg5 47. Bf3 Nc4 48.
Rxa6 Ne5 49. Re6 c4 50. d6 Nxf3 51. Rxe1 Nxe1+ 52. Kf1 Kf6 0-1

[Event "*** SCC Grand Prix: Titled Tuesday Blitz"]
[Site "Chess.com"]
[Date "2020.07.21"]
[Round "1"]
[White "Aemulus20"]
[Black "tk22h"]
[Result "1/2-1/2"]
[WhiteElo "2631"]
[BlackElo "2309"]
[TimeControl "180+1"]
[EndTime "10:08:06 PDT"]
[Termination "Game drawn by repetition"]

1. e4 e5 2. Nf3 Nc6 3. Bb5 a6 4. Ba4 Nf6 5. O-O Be7 6. Re1 b5 7. Bb3 d6 8. c3 O-O 9. a4 Bd7 10. d3 h6 11. Nbd2 Re8 12. h3 Bf8 13. Nf1 Na5 14. Bc2 c5 15. axb5 axb5 16. Ng3 Nc6 17. Rxa8 Qxa8 18. Nh4 g6 19. Bb3 Be6 20.
Bxe6 Rxe6 21. Qb3 Qa4 22. Qxa4 bxa4 23. Be3 Re8 24. Ra1 Rb8 25. Bc1 d5 26. Rxa4 dxe4 27. dxe4 Rd8 28. Be3 Rd1+ 29. Kh2 Rb1 30. Ra6 Nd8 31.
Rxf6 Be7 32. Rb6 Bxh4 33. Rb8 Kg7 34. Bxc5 Ne6 35. Be3 Nf4 36. c4 Nd3 37. c5 Rxb2 38.
Rxb2 Nxb2 39. c6 Bd8 40. Ne2 Nc4 41. Bc5 Na5 42. Bd6 Nxc6 43. Nc3 Kf6 44. Nd5+ Ke6 45. Bc5 f5 46. f3 Ba5 47. g4 fxe4 48. fxe4 Nd4 49.
Bxd4 exd4 50. Kg3 Ke5 51. Kf3 Bd2 52. Nb6 Bg5 53. Nc4+ Ke6 54. Na5 d3 55. Nb3 Ke5 56.
Nc5 d2 57. Nd3+ Kd4 58. Nf2 h5 59. gxh5 gxh5 60. Nd1 Kd3 61. Nf2+ Kc2 62. Ke2 Bf4 63. Nd1 Bg5 64. Nf2 Bf4 65. Nd1 Bg5 66. Nf2 1/2-1/2